 Dungeon Crawl Stone Soup version 0.19.1 (webtiles) character file.

8352 Melicamp the Geomancer (level 11, -3/81 HPs)
             Began as a Deep Dwarf Earth Elementalist on Dec 2, 2016.
             Was a Believer of Ashenzari.
             Slain by a komodo dragon (19 damage)
             ... on level 3 of the Lair of Beasts.
             The game lasted 01:39:50 (11812 turns).

Melicamp the Geomancer (DDEE)                      Turns: 11812, Time: 01:39:51

Health: -3/81      AC:  6    Str: 13    XL:     11   Next: 8%
Magic:  2/17       EV: 17    Int: 18    God:    Ashenzari [**....]
Gold:   514        SH:  6    Dex: 13    Spells: 4 memorised, 14 levels left

rFire  . . .     SeeInvis .     u - +8 club
rCold  . . .     Gourm    .     c - +0 robe
rNeg   . . .     Faith    .     H - +0 buckler (curse)
rPois  .         Spirit   .     (no helmet)
rElec  .         Reflect  +     A - +0 cloak
rCorr  .         Harm     .     r - +0 pair of gloves
MR     +....                    i - +1 pair of boots (curse)
Stlth  ++........               y - +3 amulet of reflection (curse)
                                (no ring)
                                s - ring of wizardry (curse)

@: non-regenerating, hasted, very quick
A: damage resistance, recharge devices, sense surroundings 2, slow regeneration
3
a: Device Recharging, Curse Item, Scrying, Renounce Religion


You were on level 3 of the Lair of Beasts.
You worshipped Ashenzari.
Ashenzari was pleased with you.
You were not hungry.

You visited 3 branches of the dungeon, and saw 12 of its levels.

You collected 514 gold pieces.

Inventory:

Hand Weapons
 u - a +8 club (weapon)
Armour
 c - a +0 robe (worn)
 i - a cursed +1 pair of boots (worn)
 r - a +0 pair of gloves (worn)
 A - a +0 cloak (worn)
 H - a cursed +0 buckler (worn)
Jewellery
 s - a cursed ring of wizardry (left hand)
 y - a cursed +3 amulet of reflection (around neck)
Wands
 d - a wand of heal wounds (0/9)
 o - a wand of lightning (10/15)
 x - a wand of flame (15/48)
 D - a wand of iceblast (4/15)
 F - a wand of acid (1/15)
 G - a wand of hasting (0/9)
Scrolls
 a - 3 scrolls of amnesia
 v - a scroll of magic mapping
 w - 3 scrolls of enchant weapon
Potions
 j - 3 potions of brilliance
 k - 2 potions of might {unknown}
 l - 2 potions of haste
 m - 3 potions of heal wounds {unknown}
 n - 2 potions of curing
 p - a potion of berserk rage {unknown}
 t - 4 potions of mutation
 z - 2 potions of lignification {unknown}
 B - a potion of cure mutation {unknown}
 C - a potion of magic {unknown}
 J - a potion of agility {unknown}
Books
 e - a book of Geomancy

   Spells                             Type                      Level
   a - Sandblast                      Earth                        1
   b - Passwall                       Transmutation/Earth          2
   c - Stone Arrow                    Conjuration/Earth            3
   d - Petrify                        Transmutation/Earth          4
   e - Lee's Rapid Deconstruction     Earth                        5
 E - a book of Air

   Spells                             Type                      Level
   a - Shock                          Conjuration/Air              1
   b - Swiftness                      Charms/Air                   2
   c - Repel Missiles                 Charms/Air                   2
   d - Static Discharge               Conjuration/Air              3
   e - Lightning Bolt                 Conjuration/Air              5
Comestibles
 b - 6 chunks of flesh
 g - 5 fruits
 h - 6 meat rations
 q - 2 slices of pizza


   Skills:
 - Level 10.0 Dodging
 - Level 2.4 Stealth
 - Level 8.1 Spellcasting
 * Level 3.9(5.3) Transmutations
 - Level 10.2(11.5) Earth Magic
 - Level 10.0(11.3) Evocations


You had 14 spell levels left.
You knew the following spells:

 Your Spells              Type           Power        Failure   Level  Hunger
a - Sandblast             Erth           #####.       1%          1    None
b - Passwall              Tmut/Erth      #####.....   1%          2    None
c - Petrify               Tmut/Erth      #####...     3%          4    ###....
d - Lee's Rapid Deconstr  Erth           #####.....   1%          5    #####..


Dungeon Overview and Level Annotations

Branches:
Dungeon (8/15)             Temple (1/1) D:5            Lair (3/6) D:8
 Shoals (0/4) Lair:2
  Snake: Lair:2-4    Spider: Lair:2-4

Altars:
Ashenzari
Cheibriados
Dithmenos
Elyvilon
Fedhas
Gozag
Hepliaklqana
Kikubaaqudgha
Makhleb
Nemelex Xobeh
Okawaru
Qazlal
Ru
Sif Muna
Trog
Uskayaw
Vehumet
Xom
Yredelemnul
Zin
The Shining One

Shops:
D:7 *

Annotations:
D:2 exclusion: downstairs
D:4 GRINDER HERE!, exclusions: door and ice beast, Grinder
D:7 exclusion: downstairs
D:8 Psyche
Lair:2 exclusion: spiny frog


Innate Abilities, Weirdness & Mutations

You are resistant to damage.
You can recharge devices by infusing magical energy.
You passively map the area around you.
You do not regenerate.


Message History

You block the water moccasin's attack. The water moccasin closely misses you.
You sock the water moccasin!
The water moccasin is severely wounded.
The water moccasin bites you. x2
You miss the water moccasin.
The water moccasin is severely wounded.
You block the water moccasin's attack. The water moccasin barely misses you.
You hit the water moccasin.
The water moccasin is almost dead.
The komodo dragon closely misses you. The water moccasin closely misses you.
The komodo dragon bites you!!
* * * LOW HITPOINT WARNING * * *
The water moccasin bites you but does no damage.
Evoke which item? (* to show all) (? for menu, Esc to quit)
This wand has no charges.
You block the water moccasin's attack.
Okay, then.
You feel yourself speed up. You block the water moccasin's attack.
The komodo dragon bites you!!
You die...

*#.............#.# ,, ,
#...##...###.....* ,,*
.......#.#........# .,,
* .................# ..,
, , ,
..................#... ,
....#..............#..,
,,.....$................
,,, , ,
............lS......# ,
,,, ...........@.......*
, ,$###....../......#*,
, ,, , ##..#.##.......,
, ,, , ,* #..####
#...... , , * , , #.. ,
*#..... , * #., * .....
,, * * . * .... * , ***
* ** ..#. *, ,, ,, * *,
, * , * ,


You could see a komodo dragon and a water moccasin.

Vanquished Creatures
  2 hydras (Lair:1)
  3 spiny frogs (Lair:1)
  A rime drake (Lair:1)
  6 blink frogs (Lair:1)
  2 hippogriffs (Lair:2)
  7 yaks (Lair:1)
  The ghost of TheWoodenMan the Chiller, an amateur MfIE (D:3)
  A porcupine (Lair:1)
  A water moccasin (Lair:1)
  2 ice beasts (D:6)
  A sky beast (D:7)
  2 necrophages (D:7)
  A phantom (D:8)
  2 ogres
  4 crocodiles (Lair:1)
  4 centaurs
  Blork the orc (D:6)
  3 bullfrogs
  4 scorpions
  A water moccasin skeleton (D:5)
  6 killer bees
  A howler monkey (D:4)
  A crimson imp (D:7)
  A quasit (D:7)
  5 hounds
  2 orc priests
  Crazy Yiuf (D:4)
  An iguana (D:4)
  2 jellies (D:7)
  A bullfrog skeleton (D:6)
  Jessica (D:3)
  Terence (D:2)
  6 orc wizards
  3 worker ants
  A hound skeleton (D:5)
  A hound zombie (D:7)
  A howler monkey zombie (D:5)
  3 gnolls (D:7)
  9 adders
  An adder zombie (D:6)
  2 adder skeletons (D:4)
  7 worms
  2 dart slugs (D:1)
  3 leopard geckos (D:1)
  32 orcs
  6 bats
  4 giant cockroaches
  6 goblins
  6 hobgoblins
  6 jackals (D:1)
  3 quokkas
  3 ball pythons
  7 frilled lizards
  7 kobolds
  2 leopard gecko skeletons
  2 leopard gecko zombies (D:7)
  9 rats
204 creatures vanquished.

Vanquished Creatures (others)
  A fungus (Lair:1)
  3 plants
4 creatures vanquished.

Grand Total: 208 creatures vanquished

Notes
Turn   | Place    | Note
-------+----------+-------------------------------------------
     0 | D:1      | Melicamp the Deep Dwarf Earth Elementalist began the quest for the Orb.
     0 | D:1      | Reached XP level 1. HP: 15/15 MP: 3/3
   775 | D:1      | Reached XP level 2. HP: 17/22 MP: 0/5
  1145 | D:1      | Learned a level 2 spell: Passwall
  1433 | D:1      | Reached XP level 3. HP: 19/28 MP: 2/7
  2579 | D:2      | Found a shimmering altar of Xom.
  2595 | D:2      | Reached XP level 4. HP: 33/36 MP: 4/8
  2599 | D:2      | Found a blossoming altar of Fedhas.
  2601 | D:2      | Found a sparkling altar of Nemelex Xobeh.
  2677 | D:2      | Learned a level 4 spell: Petrify
  2757 | D:2      | Noticed Terence
  2817 | D:2      | Killed Terence
  2817 | D:2      | Reached skill level 1 in Transmutations
  2817 | D:2      | Reached skill level 5 in Earth Magic
  3267 | D:3      | Noticed TheWoodenMan's ghost (amateur MfIE)
  3508 | D:3      | Reached XP level 5. HP: 35/42 MP: 0/9
  3747 | D:3      | Noticed Jessica
  3760 | D:3      | Killed Jessica
  3920 | D:3      | Reached XP level 6. HP: 36/49 MP: 4/9
  4215 | D:3      | Killed TheWoodenMan's ghost
  4672 | D:4      | Noticed an ice beast
  4741 | D:4      | Got a spiked plate armour
  4746 | D:4      | Identified the +4 plate armour of Syhimybu {rN+ rCorr Dex-2} (You found it on level 4 of the Dungeon)
  4828 | D:4      | Noticed Grinder
  4864 | D:4      | Reached XP level 7. HP: 30/55 MP: 7/10
  5348 | D:4      | Found a runed door.
  5353 | D:4      | Noticed Crazy Yiuf
  5357 | D:4      | Killed Crazy Yiuf
  5591 | D:4      | Paralysed by Grinder for 4 turns
  5651 | D:4      | GRINDER HERE
  5652 | D:5      | Entered Level 5 of the Dungeon
  5652 | D:5      | Found a staircase to the Ecumenical Temple.
  5661 | Temple   | Entered the Ecumenical Temple
  5719 | Temple   | Became a worshipper of Ashenzari the Shackled
  5730 | Temple   | Learned a level 5 spell: Lee's Rapid Deconstruction
  5930 | D:5      | Reached skill level 10 in Earth Magic
  6225 | D:5      | Reached XP level 8. HP: 42/62 MP: 5/11
  6321 | D:5      | Found a radiant altar of Vehumet.
  6678 | D:6      | Noticed Blork the orc
  6707 | D:6      | Killed Blork the orc
  7009 | D:6      | Found a white marble altar of Elyvilon.
  7657 | D:6      | Reached skill level 5 in Spellcasting
  8036 | D:7      | Reached * piety under Ashenzari
  8062 | D:7      | Reached skill level 5 in Dodging
  8062 | D:7      | Gained mutation: You passively map the area around you. [Deep Dwarf growth]
  8062 | D:7      | Reached XP level 9. HP: 68/68 MP: 12/15
  8168 | D:7      | Found a bloodstained altar of Trog.
  8451 | D:7      | Found Tirghof's General Store.
  8484 | D:8      | Noticed Psyche
  8956 | D:8      | Found a staircase to the Lair.
  9238 | Lair:1   | Entered Level 1 of the Lair of Beasts
  9375 | Lair:1   | Noticed a spiny frog
  9385 | Lair:1   | Killed a spiny frog
  9418 | Lair:1   | Reached skill level 5 in Evocations
  9514 | Lair:1   | Reached XP level 10. HP: 50/75 MP: 12/18
  9607 | Lair:1   | Noticed a four-headed hydra
  9629 | Lair:1   | Killed a four-headed hydra
  9755 | Lair:1   | Reached skill level 10 in Evocations
  9897 | Lair:1   | Noticed a spiny frog
 10798 | Lair:1   | Noticed a six-headed hydra
 10802 | Lair:1   | Killed a six-headed hydra
 11103 | Lair:2   | Noticed a spiny frog
 11152 | Lair:2   | Noticed a spiny frog
 11241 | Lair:1   | Killed a spiny frog
 11245 | Lair:1   | Killed a spiny frog
 11245 | Lair:1   | Reached XP level 11. HP: 43/81 MP: 9/18
 11369 | Lair:2   | Found a staircase to the Shoals.
 11557 | Lair:2   | Reached ** piety under Ashenzari
 11694 | Lair:2   | Reached skill level 10 in Dodging
 11762 | Lair:2   | Noticed a catoblepas
 11812 | Lair:3   | Slain by a komodo dragon

Skill      XL: |  1  2  3  4  5  6  7  8  9 10 11 |
---------------+----------------------------------+-----
Spellcasting   | 2 3 6 8 |  8.1
Transmutations | 1 2 3 |  3.9
Earth Magic    | 5 6 8 10 | 10.2
Dodging        | 5 9 10 | 10.0
Evocations     | 7 10 | 10.0
Stealth        | |  2.4

Action                   |  1- 3 |  4- 6 |  7- 9 | 10-12 || total
-------------------------+-------+-------+-------+-------++-------
Melee: Unarmed           |    18 |       |       |       ||    18
       Dagger            |    19 |    25 |       |       ||    44
       Club              |       |    25 |     6 |    20 ||    51
       Long sword        |       |       |     3 |       ||     3
Throw: Stone             |       |     3 |    12 |     2 ||    17
 Cast: Sandblast         |    67 |   103 |   195 |    76 ||   441
       Passwall          |       |       |     1 |       ||     1
       Petrify           |       |       |     2 |     1 ||     3
       Lee's Rapid Decon |       |       |     1 |    16 ||    17
Invok: Curse Item        |       |       |     3 |     1 ||     4
       Scrying           |       |       |       |     1 ||     1
 Abil: Device Recharging |       |     1 |     3 |     2 ||     6
Evoke: Wand              |     1 |     5 |     8 |    22 ||    36
  Use: Scroll            |    11 |     6 |     8 |     1 ||    26
       Potion            |     1 |       |       |     1 ||     2
 Stab: Sleeping          |       |       |     1 |       ||     1
  Eat: Chunk             |     5 |     3 |    12 |     2 ||    22
       Bread ration      |       |     1 |       |     2 ||     3
       Fruit             |       |       |     1 |     3 ||     4
       Royal jelly       |       |       |     1 |       ||     1
Armor: Robe              |     6 |    46 |    11 |     8 ||    71
Dodge: Dodged            |    36 |    74 |    50 |    61 ||   221
Block: Other             |       |       |     7 |       ||     7
       Buckler           |       |       |     2 |    34 ||    36
